 Seeded DCSS version 0.30-a0-137-gd8773701ce (webtiles) character file.

Game seed: 13425274819909471 (custom seed)

4 SigmundSlayer the Digger (level 1, 0/15 HPs)
             Began as a Naga Earth Elementalist on Sept 21, 2022.
             Slain by a ball python (1 damage)
             ... on level 1 of the Dungeon.
             The game lasted 00:00:15 (240 turns).

SigmundSlayer the Digger (Naga Earth Elementalist)   Turns: 240, Time: 00:00:16

Health: 0/15       AC:  1    Str: 10    XL:     1   Next: 70%
Magic:  1/3        EV:  9    Int: 15    God:
Gold:   16         SH:  0    Dex: 11    Spells: 3/4 levels left

rFire   . . .      SeeInvis +    (no weapon)
rCold   . . .      Faith    .    (no shield)
rNeg    . . .      Spirit   .    a - +0 robe
rPois   +          Reflect  .    (no helmet)
rElec   .          Harm     .    (no cloak)
rCorr   .          Rampage  .    (no gloves)
Will    .....                    (no barding)
Stlth   ++........               (no amulet)
HPRegen 0.05/turn                (no ring)
MPRegen 0.08/turn                (no ring)

@: short of breath, very slow
A: AC +0, large, see invisible, deformed body, poison resistance, slowness 2,
spit poison 1, naga tail 1
a: Spit Poison


You were on level 1 of the Dungeon.
You visited 1 branch of the dungeon, and saw 1 of its levels.

You collected 16 gold pieces.

Inventory:

Armour
 a - a +0 robe (worn)
Potions
 b - a potion of magic


   Skills:
 - Level 1.5 Dodging
 - Level 3.0 Stealth
 - Level 2.0 Spellcasting
 - Level 1.0 Transmutations
 + Level 3.3 Earth Magic


You had 3 spell levels left.
You knew the following spells:

 Your Spells              Type           Power      Damage    Failure   Level
a - Sandblast             Erth           22%        2d7       5%          1

Your spell library contained the following spells:

 Spells                   Type           Power      Damage    Failure   Level
 Passwall                 Tmut/Erth      6%         N/A       14%         2
 Stone Arrow              Conj/Erth      12%        3d7       32%         3
 Petrify                  Tmut/Erth      8%         N/A       65%         4


Dungeon Overview and Level Annotations

Branches:
Dungeon (1/15)

Altars:


Innate Abilities, Weirdness & Mutations

Your serpentine skin is tough. (AC +0)
You have supernaturally acute eyesight. (SInv)
Armour fits poorly on your strangely shaped body.
Your system is resistant to poisons. (rPois)
You cover ground very slowly.
You can spit poison.
You have a snake-like lower body.


Message History

No target in view!
A goblin comes into view. It is wielding a +0 club.
Found a barding.
The goblin shouts!
The blast of sand misses the goblin.
The goblin hits you with a +0 club.
The blast of sand hits the goblin!
You kill the goblin!
You start resting.
Magic restored.
You start resting.
HP restored.
You see here a +0 barding.
A goblin comes into view. It is wielding a +0 club.
The goblin shouts!
A frilled lizard comes into view.
A ball python comes into view.
Found a tower shield.
The ball python hisses angrily.
The ball python bites you. x2
The blast of sand hits the goblin.
The goblin is severely wounded.
The frilled lizard hisses angrily.
The ball python barely misses you. The goblin hits you with a +0 club.
The ball python bites you. The goblin barely misses you.
You are too injured to fight recklessly!
You are too injured to fight recklessly!
Aiming: Spit Poison (3% risk of failure)
Press: ? - help, Shift-Dir - straight line, f - ball python, p - goblin
Aim: a ball python (48% to hit)
The splash of poison hits the ball python.
The ball python is moderately wounded.
The ball python closely misses you. The frilled lizard bites you.
The goblin hits you with a +0 club.
* * * LOW HITPOINT WARNING * * *
Aiming: Sandblast (safe; 5% risk of failure)
Press: ? - help, Q - select action, (/) - cycle Shift-Dir - straight line, f/p - ball python
Aim: a ball python (moderately wounded, 80% to hit)
The blast of sand misses the ball python.
The ball python bites you.
You die...

...........~#
............# ..#
............♣ ###..#
............♣ .....
⌠.....♣.....# ....
............# ..# #
..........♣.#####..#.###
............##..l.......
............#...@g.#
..#∩#......##..#.S......
#.#.#####∩###.##...##.##
#####...#.#.#.##...#
##......#.....##.[...
#..#.......#.#.......
##..#[.................
.......................
.#..##..............


You could see a goblin, a ball python and a frilled lizard.

Vanquished Creatures
  A dart slug (D:1)
  A goblin (D:1)
  A rat (D:1)
3 creatures vanquished.

Notes
Turn   | Place    | Note
-------+----------+-------------------------------------------
     0 | D:1      | SigmundSlayer the Naga Earth Elementalist began the quest
                  | for the Orb.
     0 | D:1      | Reached XP level 1. HP: 15/15 MP: 3/3
   240 | D:1      | Slain by a ball python

Illustrated notes

Levels and vault maps discovered:
D:1:      nzn_arrival_settlement, layout_basic, minmay_domino_4

Action                   || total
-------------------------++-------
 Cast: Sandblast         ||     8
 Abil: Spit Poison       ||     1
Dodge: Dodged            ||     4

Table legend: (Time is in decaauts)
 A = Elapsed time spent in this place.
 B = Non-inter-level travel time spent in this place.
 C = Inter-level travel time spent in this place.
 D = Time resting spent in this place.
 E = Time spent auto-exploring this place.
 F = Levels seen in this place.
 G = Mean time per level.
                   A        B        C        D        E       F      G
               +--------+--------+--------+--------+--------+-----+--------+
         Total |    276 |    276 |      0 |    136 |    108 |   1 |  276.0 |
       Dungeon |    276 |    276 |      0 |    136 |    108 |   1 |  276.0 |
               +--------+--------+--------+--------+--------+-----+--------+

Top non-repeatable levels by time:
     D:1: 276 daAuts
